 Dungeon Crawl Stone Soup version 0.23.2-30-g0e89c35649 (webtiles) character file.

Game seed: 9472965204926788036

93 Folque the Digger (level 4, -1/36 HPs)
             Began as a Draconian Earth Elementalist on June 21, 2019.
             Slain by Grinder (7 damage)
             ... on level 3 of the Dungeon.
             The game lasted 00:07:13 (2008 turns).

Folque the Digger (Draconian Earth Elementalist)    Turns: 2008, Time: 00:07:14

Health: -1/36      AC:  5    Str:  7 (10) XL:     4   Next: 37%
Magic:  0/8        EV: 12    Int: 14 (17) God:
Gold:   130        SH:  0    Dex: 10 (11) Spells: 3/9 levels left

rFire    . . .     SeeInvis .   d - +0 dagger (speed)
rCold    . . .     Gourm    .   (no shield)
rNeg     . . .     Faith    .   (armour unavailable)
rPois    .         Spirit   .   (helmet restricted)
rElec    .         Reflect  .   (no cloak)
rCorr    .         Harm     .   (no gloves)
MR       .....                  (no boots)
Stlth    ++........             (no amulet)
HPRegen  0.12/turn              (no ring)
MPRegen  0.11/turn              (no ring)

@: flying
A: unfitting armour, cold-blooded, AC +5
a: no special abilities


You were on level 3 of the Dungeon.
You were not hungry.

You visited 1 branch of the dungeon, and saw 3 of its levels.

You collected 130 gold pieces.

Inventory:

Hand Weapons
 a - a +0 whip
 d - a +0 dagger of speed (weapon)
Missiles
 b - 65 stones (quivered)
Scrolls
 e - 3 scrolls of teleportation {unknown}
 f - a scroll of blinking {unknown}
 h - 2 scrolls of identify {unknown}
 i - a scroll of enchant armour {unknown}
Potions
 g - a potion of degeneration
 k - a potion of brilliance {unknown}
Comestibles
 c - 3 rations


   Skills:
 - Level 2.1 Fighting
 - Level 1.7 Dodging
 - Level 1.7 Stealth
 * Level 3.1 Spellcasting
 + Level 1.1 Conjurations
 - Level 1.0 Transmutations
 + Level 3.6 Earth Magic


You had 3 spell levels left.
You knew the following spells:

 Your Spells              Type           Power        Failure   Level  Hunger
a - Sandblast             Erth           ##....       4%          1    #......
b - Passwall              Tmut/Erth      #.......     12%         2    ##.....
c - Stone Arrow           Conj/Erth      #.....       24%         3    ###....

Your spell library contained the following spells:

 Spells                   Type           Power        Failure   Level  Hunger
 Petrify                  Tmut/Erth      #.......     63%         4    #####..
 Lee's Rapid Deconstruct  Erth           ##........   80%         5    ######.


Dungeon Overview and Level Annotations

Branches:
Dungeon (3/15)

Altars:
Kikubaaqudgha

Annotations:
D:3 Grinder


Innate Abilities, Weirdness & Mutations

Your plain brown scales are hard. (AC +5)
You cannot fit into any form of body armour.
You are cold-blooded and may be slowed by cold attacks.


Message History

Grinder is heavily wounded.
Grinder hits you.
You writhe in agony.
You barely miss Grinder.
Grinder is heavily wounded.
You hit Grinder but do no damage.
Grinder is heavily wounded.
Grinder closely misses you.
It was a potion of degeneration.
There was something very wrong with that liquid.
You feel weakened.
You feel dopey.
You feel clumsy. Grinder hits you but does no damage.
You hit Grinder.
Grinder is heavily wounded.
Grinder gestures at you. Pain shoots through your body!
* * * LOW HITPOINT WARNING * * *
It was a potion of flight.
You feel very buoyant.
You fly up into the air.
Grinder hits you!
You die...

####.####.###
#............
#........#...
#.....)....##
#........### #........#
#####'####
#####################.#
#)..........@5.....)..#
#.#####################
#.# #......# #.#
#.####.# #.# #.# #.#
#.###########.# #.#
#.............# #.#
##################.###
#........#


You could see Grinder.

Vanquished Creatures
  Terence (D:3)
  A gnoll (D:1)
  2 adders
  A worm (D:2)
  2 bats
  3 giant cockroaches
  7 hobgoblins
  A quokka (D:2)
  2 frilled lizards
  7 goblins
  7 kobolds
  3 rats
37 creatures vanquished.

Notes
Turn   | Place    | Note
-------+----------+-------------------------------------------
     0 | D:1      | Folque the Draconian Earth Elementalist began the quest for
                  | the Orb.
     0 | D:1      | Reached XP level 1. HP: 14/14 MP: 3/3
    40 | D:1      | Reached skill level 1 in Fighting
    40 | D:1      | Reached XP level 2. HP: 12/23 MP: 1/5
    82 | D:1      | HP: 1/23 [giant cockroach (2)]
   679 | D:1      | Reached XP level 3. HP: 22/29 MP: 6/6
   962 | D:2      | Learned a level 2 spell: Passwall
   966 | D:2      | Learned a level 3 spell: Stone Arrow
  1032 | D:2      | Found a faded altar of an unknown god.
  1852 | D:3      | Noticed Grinder
  1853 | D:3      | Found an ancient bone altar of Kikubaaqudgha.
  1854 | D:3      | Noticed Terence
  1882 | D:3      | Killed Terence
  1882 | D:3      | Reached skill level 1 in Conjurations
  1882 | D:3      | Reached XP level 4. HP: 35/36 MP: 0/8
  1972 | D:3      | Paralysed by Grinder for 3 turns
  2008 | D:3      | Slain by Grinder

Skill      XL: |  1  2  3 |
---------------+----------+-----
Fighting       | 1 2 |  2.1
Spellcasting   | 3 |  3.1
Conjurations   | 1 |  1.1
Dodging        | |  1.7
Stealth        | |  1.7
Transmutations | |  1.0
Earth Magic    | |  3.6

Action                   |  1- 3 |  4- 6 || total
-------------------------+-------+-------++-------
Melee: Whip              |    18 |       ||    18
       Tailslap          |    15 |     2 ||    17
       Dagger            |   121 |    23 ||   144
 Cast: Sandblast         |    22 |     6 ||    28
       Stone Arrow       |     2 |     2 ||     4
  Use: Scroll            |     1 |       ||     1
       Potion            |       |     2 ||     2
 Stab: Sleeping          |     1 |       ||     1
  Eat: Chunk             |     2 |     2 ||     4
Armor: Skin              |    27 |     5 ||    32
Dodge: Dodged            |    68 |     8 ||    76
